Map: Port Aleksander LE

Players

Alekalendro

  • Race: Zerg Zerg
  • Spawn Location: 5:00

woof - Winner!

  • Race: Protoss Protoss
  • League: Diamond
  • Spawn Location: 11:00

VOD

Have the link to the VOD?

Description

Time

  • Played on: Dec. 11, 2018, 3:15 a.m.
  • Length: 19:12
Show
View Real Time Build Order
Export as new Build Order

Alekalendro Zerg 

Build Orders: Hatch First 

Get SALT Encoding   

  12  0:01  Drone  
  13  0:14  Drone  
  13  0:19  Overlord  
  14  0:42  Drone  
  15  0:51  Hatchery  
  15  0:53  Drone  
  15  0:58  Drone  
  16  1:12  Drone  
  16  1:13  Drone  
  18  1:22  Spawning Pool  
  18  1:23  Drone  
  18  1:28  Drone  
  19  1:48  Drone  
  19  1:49  Drone  
  21  2:03  Drone  
  22  2:12  Spine Crawler, Queen  
  22  2:14  Zergling x2  
  22  2:15  Zergling x2  
  25  2:20  Spine Crawler  
  25  2:21  Spine Crawler  
  23  2:28  Spine Crawler  
  22  2:34  Drone  
  22  2:35  Drone  
  24  2:41  Zergling x4  
  26  2:52  Spine Crawler  
  23  3:13  Zergling x6  
  26  3:35  Spine Crawler  
  23  4:02  Zergling x6  
  25  4:15  Zergling x2  
  26  4:56  Drone  
  27  5:10  Extractor  
  27  5:13  Overlord  
  26  5:14  Drone  
  26  5:17  Extractor  
  26  5:35  Spine Crawler  
  25  5:36  Spine Crawler  
  25  5:41  Drone x3  
  27  5:44  Drone x2  
  27  5:45  Drone  
  30  5:53  Queen  
  32  6:15  Metabolic Boost  
  32  6:19  Drone x3  
  35  7:22  Zergling x4  
  36  7:25  Overlord x2  
  35  7:58  Drone  
  35  7:59  Drone x4  
  40  8:29  Lair  
  40  8:32  Zergling x4  
  40  8:33  Zergling x2  
  43  8:36  Hatchery  
  42  8:57  Zergling x4  
  44  9:12  Hatchery  
  44  9:14  Evolution Chamber  
  42  9:18  Baneling Nest  
  42  9:20  Zergling x6  
  45  9:38  Zergling x6  
  45  9:39  Zergling x6  
  45  9:43  Overlord x2  
  50  9:53  Drone  
  50  9:54  Queen  
  53  10:11  Spine Crawler  
  53  10:13  Spore Crawler  
  53  10:14  Spore Crawler  
  48  10:15  Spore Crawler  
  48  10:16  Spore Crawler  
  48  10:18  Spore Crawler  
  45  10:21  Spore Crawler  
  45  10:24  Spore Crawler  
  45  10:27  Spore Crawler  
  42  10:32  Spore Crawler  
  41  10:36  Spore Crawler  
  41  10:38  Spine Crawler x2, Queen  
  41  10:39  Spine Crawler  
  39  10:43  Zergling x4, Drone  
  42  10:53  Drone x3  
  45  10:57  Spire  
  45  11:00  Infestation Pit  
  45  11:01  Drone  
  45  11:02  Drone x2  
  46  11:20  Queen  
  46  11:21  Drone  
  46  11:22  Drone x2  
  45  11:37  Spore Crawler  
  38  11:52  Drone x2  
  37  12:10  Mutalisk  
  37  12:11  Corruptor x2  
  37  12:12  Corruptor x2  
  37  12:15  Zergling x2  
  47  12:21  Extractor  
  46  12:23  Extractor x2  
  46  12:24  Drone  
  46  12:28  Drone  
  45  12:37  Corruptor  
  41  13:00  Drone x3  
  44  13:08  Drone x5  
  49  13:20  Corruptor  
  51  13:29  Overlord x3  
  51  13:40  Spawning Pool  
  48  13:43  Corruptor x2  
  48  13:58  Corruptor  
  50  14:10  Drone x2  
  50  14:15  Drone  
  47  14:43  Drone  
  47  14:44  Drone x2  
  28  15:57  Drone x4  
  28  15:58  Drone x2  
  34  16:06  Hydralisk Den  
  34  16:08  Drone  
  34  16:09  Drone x2  
  36  16:24  Drone  
  32  17:04  Hydralisk x3  
  32  17:06  Hydralisk x3  
  42  17:15  Spore Crawler  
  40  17:16  Spore Crawler  
  40  17:17  Spore Crawler  
  40  17:20  Drone  
  30  17:27  Spore Crawler  
  30  17:28  Spore Crawler  
  22  17:37  Queen  
  22  17:41  Hydralisk x2  
Show
View Real Time Build Order
Export as new Build Order

woof Protoss - Winner!

Build Orders:  

Get SALT Encoding   

  12  0:00  Probe  
  13  0:08  Probe  
  14  0:23  Pylon  
  14  0:28  Probe  
  15  0:41  Probe  
  16  0:44  Forge  
  16  0:55  Gateway  
  16  1:09  Pylon  
  16  1:24  Probe  
  17  1:28  Photon Cannon  
  17  1:44  Cybernetics Core  
  17  1:50  Pylon  
  16  2:13  Zealot  
  18  2:19  Assimilator  
  18  2:21  Probe  
  19  2:30  Photon Cannon  
  19  2:35  Pylon  
  19  2:45  Shield Battery  
  19  2:54  Photon Cannon  
  19  2:57  Zealot  
  21  3:20  Probe  
  21  3:24  Zealot  
  21  3:25  Photon Cannon  
  24  3:27  Pylon  
  24  3:29  Shield Battery  
  24  3:32  Probe, Photon Cannon  
  23  3:44  Probe  
  23  3:45  Pylon  
  22  4:03  Photon Cannon  
  22  4:07  Pylon  
  20  4:25  Photon Cannon  
  20  4:39  Nexus  
  20  5:08  Pylon  
  20  5:13  Pylon  
  20  5:16  Pylon  
  20  5:33  Pylon  
  20  6:05  Forge  
  20  6:09  Assimilator  
  20  6:12  Assimilator  
  20  6:14  Gateway  
  20  6:25  Pylon, Cybernetics Core  
  20  6:59  Nexus  
  20  7:08  Shield Battery  
  20  7:11  Shield Battery  
  19  7:23  Photon Cannon  
  19  7:26  Photon Cannon  
  17  7:51  Probe  
  18  8:03  Probe  
  19  8:08  Stargate  
  19  8:15  Probe  
  20  8:24  Pylon  
  20  8:27  Probe  
  21  8:42  Shield Battery  
  21  8:48  Void Ray  
  21  8:58  Shield Battery  
  25  9:07  Stargate  
  25  9:20  Void Ray  
  29  9:52  Protoss Air Weapons Level 1  
  29  10:03  Void Ray  
  33  10:45  Void Ray  
  33  10:46  Pylon  
  37  11:17  Void Ray  
  37  11:18  Void Ray  
  45  11:34  Zealot  
  47  12:01  Zealot  
  49  12:28  Zealot  
  51  12:43  Void Ray  
  51  12:44  Void Ray  
  59  12:55  Zealot  
  61  13:22  Zealot  
  63  13:41  Void Ray  
  63  13:42  Void Ray, Nexus  
  69  13:57  Probe  
  70  14:04  Nexus  
  70  14:09  Probe  
  71  14:18  Pylon  
  71  14:21  Probe  
  71  14:24  Phoenix, Pylon  
  72  14:25  Void Ray  
  72  14:31  Pylon  
  78  14:33  Probe  
  78  14:35  Pylon  
  67  14:40  Pylon  
  67  14:45  Probe  
  68  14:57  Probe  
  69  15:01  Probe  
  70  15:09  Probe  
  70  15:13  Probe  
  62  15:21  Probe  
  62  15:25  Probe  
  62  15:33  Probe  
  63  15:37  Probe  
  64  15:45  Probe  
  64  15:48  Probe  
  64  15:49  Probe  
  66  15:53  Probe  
  66  15:56  Probe  
  67  15:57  Probe  
  67  16:00  Shield Battery  
  67  16:01  Probe  
  67  16:04  Probe  
  70  16:06  Probe  
  73  16:12  Probe  
  73  16:15  Probe  
  75  16:18  Probe  
  75  16:24  Probe  
  77  16:29  Warp Gate  
  77  16:31  Void Ray x2  
  85  16:45  Probe  
  85  16:46  Probe x2  
  88  16:51  Assimilator  
  88  16:57  Probe  
  88  16:58  Probe x2  
  87  17:09  Probe  
  87  17:10  Probe  
  89  17:26  Void Ray  
  89  17:27  Void Ray  
  97  17:45  Probe  
  97  17:46  Probe x2  
  98  17:57  Probe  
  98  17:58  Probe x2  
  101  17:59  Void Ray x2  
  91  18:09  Probe  
  91  18:10  Probe x2  
Tags
 
Add a new tag
Caveats
  • Supply blocks, unpowered buildings, or Contaminate may cause inaccurate times.
  • Supply counts are checked every 10 seconds.